 Dungeon Crawl Stone Soup version 0.26.1-11-gd32895ea62 (webtiles) character file.

Game seed: 18420365755191550244

53194 Tirrikindir the Carver (level 14, -6/97 HPs)
             Began as an Octopode Fighter on May 30, 2021.
             Was an Initiate of Gozag.
             Mangled by a seven-headed hydra (15 damage)
             ... on level 13 of the Dungeon on June 1, 2021.
             The game lasted 00:57:33 (22034 turns).

Tirrikindir the Carver (Octopode Fighter)          Turns: 22034, Time: 00:57:35

Health: -6/97      AC:  1    Str: 23    XL:     14   Next: 67%
Magic:  11/14      EV: 24    Int: 16    God:    Gozag
Gold:   1070       SH: 13    Dex: 14    Spells: 13/13 levels left

rFire    + . .     SeeInvis +   f - +0 scimitar (flame)
rCold    + + +     Faith    .   b - +0 kite shield
rNeg     . . .     Spirit   .   (helmet restricted)
rPois    +         Reflect  .   F - amulet "Qeothab" {rC+ Regen+}
rElec    .         Harm     .   i - +4 ring of evasion
rCorr    .         Rampage  .   U - ring of protection from cold
Will     +....                  q - +6 ring of strength
Stlth    +++++.....             r - ring of flight
HPRegen  0.66/turn              x - +4 ring of slaying
MPRegen  0.14/turn              H - ring of Esuumm {rC+ SInv}
                                l - ring "Eprir" {rPois rF+ Int+5}
                                (no ring)

@: no status effects
A: almost no armour, stealthy swim, amphibious, 8 rings, constrict 8, tentacle
spike 1, camouflage 1, gelatinous body 1, subdued magic 1, MP-powered wands
a: Renounce Religion, Evoke Flight, Potion Petition, Call Merchant, Bribe Branch


You were on level 13 of the Dungeon.
You worshipped Gozag.
Gozag was most pleased with you.
You visited 3 branches of the dungeon, and saw 19 of its levels.
You also visited: Ice Cave and Volcano.

You collected 4882 gold pieces.
You spent 1084 gold pieces at shops.
You paid 2728 gold pieces to Gozag.

Inventory:

Hand Weapons
 f - a +0 scimitar of flaming (weapon)
 z - a +3 demon blade of venom
Missiles
 e - 21 poisoned darts (quivered)
Armour
 b - a +0 kite shield (worn)
Jewellery
 g - an uncursed ring of ice
 i - a +4 ring of evasion (left tentacle)
 l - the ring "Eprir" (on tentacle) {rPois rF+ Int+5}
   (You acquired it on level 13 of the Dungeon)

   [ring of poison resistance]

   It affects your intelligence (+5).
   It protects you from fire.
   It protects you from poison.
 q - a +6 ring of strength (on tentacle)
 r - a ring of flight (on tentacle)
 v - an uncursed ring of ice
 x - a +4 ring of slaying (on tentacle)
 F - the amulet "Qeothab" (around mantle) {rC+ Regen+}
   (You bought it in a shop on level 8 of the Dungeon)

   [amulet of regeneration]

   It protects you from cold.
   It increases your rate of regeneration.
 H - the ring of Esuumm (on tentacle) {rC+ SInv}
   (You bought it in a shop on level 8 of the Dungeon)

   [ring of protection from cold]

   It protects you from cold.
   It lets you see invisible.
 U - a ring of protection from cold (right tentacle)
Wands
 a - a wand of enslavement (6)
 d - a wand of disintegration (6)
 m - a wand of iceblast (21)
 o - a wand of paralysis (6)
 w - a wand of flame (35)
 A - a wand of acid (10)
Scrolls
 n - 3 scrolls of fog
 p - 13 scrolls of remove curse
 t - 9 scrolls of teleportation
 C - 3 scrolls of blinking
 I - a scroll of silence
 N - a scroll of summoning
 P - a scroll of magic mapping
 R - a scroll of holy word
 T - 2 scrolls of identify
Potions
 c - 2 potions of might
 h - 2 potions of invisibility
 j - 6 potions of curing
 k - 2 potions of flight
 u - 4 potions of haste
 E - 2 potions of magic
 J - a potion of cancellation
 L - a potion of berserk rage


   Skills:
 + Level 9.5 Fighting
 * Level 13.8 Long Blades
 - Level 12.0 Dodging
 - Level 10.0 Stealth
 - Level 12.0 Shields
 - Level 8.0 Evocations


You had 13 spell levels left.
You didn't know any spells.
Your spell library contained the following spells:

 Spells                   Type           Power        Failure   Level
 Apportation              Tloc           0%           32%         1
 Beastly Appendage        Tmut           0%           32%         1
 Corona                   Hex            0%           32%         1
 Freeze                   Ice            0%           32%         1
 Magic Dart               Conj           0%           32%         1
 Sting                    Tmut/Pois      0%           32%         1
 Summon Small Mammal      Summ           0%           32%         1
 Blink                    Tloc           N/A          45%         2
 Call Imp                 Summ           0%           45%         2
 Corpse Rot               Necr/Air       N/A          45%         2
 Ensorcelled Hibernation  Hex/Ice        0%           45%         2
 Poisonous Vapours        Pois/Air       0%           45%         2
 Slow                     Hex            0%           45%         2
 Wereblood                Tmut           0%           45%         2
 Call Canine Familiar     Summ           0%           69%         3
 Confusing Touch          Hex            0%           69%         3
 Conjure Flame            Conj/Fire      0%           69%         3
 Dazzling Flash           Conj/Hex       0%           69%         3
 Frozen Ramparts          Ice            0%           69%         3
 Ignite Poison            Fire/Tmut/Pois 0%           69%         3
 Lesser Beckoning         Tloc           0%           69%         3
 Mephitic Cloud           Conj/Pois/Air  0%           69%         3
 Ozocubu's Armour         Ice            0%           69%         3
 Spider Form              Tmut/Pois      0%           69%         3
 Stone Arrow              Conj/Erth      0%           69%         3
 Summon Guardian Golem    Hex/Summ       0%           69%         3
 Tukima's Dance           Hex            0%           69%         3
 Cause Fear               Hex            0%           98%         4
 Hailstorm                Conj/Ice       0%           98%         4
 Ice Form                 Ice/Tmut       0%           98%         4
 Leda's Liquefaction      Hex/Erth       0%           98%         4
 Olgreb's Toxic Radiance  Pois           0%           98%         4
 Summon Ice Beast         Ice/Summ       0%           98%         4
 Summon Lightning Spire   Summ/Air       0%           98%         4
 Alistair's Intoxication  Tmut/Pois      0%           100%        5
 Blade Hands              Tmut           0%           100%        5
 Bolt of Magma            Conj/Fire/Erth 0%           100%        5
 Fireball                 Conj/Fire      0%           100%        5
 Iskenderun's Battlesphe  Conj           0%           100%        5
 Metabolic Englaciation   Hex/Ice        0%           100%        5
 Silence                  Hex/Air        0%           100%        5
 Summon Forest            Summ/Tloc      0%           100%        5
 Yara's Violent Unravell  Hex/Tmut       0%           100%        5
 Eringya's Noxious Bog    Tmut/Pois      0%           100%        6
 Freezing Cloud           Conj/Ice/Air   0%           100%        6
 Hydra Form               Tmut           0%           100%        6
 Invisibility             Hex            0%           100%        6
 Iron Shot                Conj/Erth      0%           100%        6
 Ozocubu's Refrigeration  Ice            0%           100%        6
 Simulacrum               Ice/Necr       0%           100%        6
 Starburst                Conj/Fire      0%           100%        6
 Statue Form              Tmut/Erth      0%           100%        6
 Orb of Destruction       Conj           0%           100%        7
 Spellforged Servitor     Conj/Summ      0%           100%        7
 Summon Hydra             Summ           0%           100%        7
 Discord                  Hex            0%           100%        8
 Ignition                 Fire           0%           100%        8
 Shatter                  Erth           0%           100%        9


Dungeon Overview and Level Annotations

Branches:
Dungeon (13/15)            Temple (1/1) D:5            Lair (5/6) D:8
  Swamp (0/4) Lair:3       Spider (0/4) Lair:4        Slime (0/5) Lair:5
    Orc (0/2) D:11          IceCv (visited)         Volcano (visited)
 Vaults: D:13-14

Altars:
Ashenzari
Cheibriados
Dithmenos
Elyvilon
Fedhas
Gozag
Hepliaklqana
Kikubaaqudgha
Makhleb
Nemelex Xobeh
Okawaru
Qazlal
Ru
Sif Muna
Trog
Uskayaw
Vehumet
Wu Jian
Xom
Yredelemnul
Zin
The Shining One
Jiyva

Shops:
D:8 =?(   D:10 [

Portals:
Trove: D:11 (give 6 scrolls of blinking)


Innate Abilities, Weirdness & Mutations

You cannot wear most types of armour.
You are very stealthy in the water. (Stealth+)
You are amphibious.
You can wear up to eight rings at the same time.
You can use your tentacles to constrict eight enemies at once.
Your skin changes colour to match your surroundings (Stealth+).
Your rubbery body absorbs attacks. (AC +1, EV +1)
One of your tentacles bears a spike.
Your spells are a little easier to cast, but a little less powerful.
You expend magic power (3 MP) to strengthen your wands.


Message History

The flame cauterises the wound!
You slash the seven-headed hydra! You burn the seven-headed hydra.
You pierce the seven-headed hydra!
The seven-headed hydra is heavily wounded.
The seven-headed hydra bites you! x2
You block the seven-headed hydra's attack.
The seven-headed hydra bites you!
* * * LOW HITPOINT WARNING * * *
You block the seven-headed hydra's attack.
The seven-headed hydra bites you!
* * * LOW HITPOINT WARNING * * *
The seven-headed hydra bites you.
* * * LOW HITPOINT WARNING * * *
Aiming: Paralyse
Press: ? - help, Shift-Dir - straight line, f - seven-headed hydra
Aim: a seven-headed hydra (heavily wounded, chance to affect: 41%)
You feel a surge of power!
The seven-headed hydra resists with some effort.
The seven-headed hydra bites you!
You die...
Your body crumbles into a pile of gold.

#.<.##......
##...#...##.# ##
#.#...#...#..# #.#
#.##...##)##... ##.#
#.#.#.....###...
#.#.#(#.##.....###...
##.#$#$# #.....##....
#.#(#D# #.######....
##.#@#.# #.# #....
##.#.#.#.##.# #####
#.#########.#
#...........#
#############


You could see a seven-headed hydra.

Vanquished Creatures
  Azrael (D:13)
  2 boulder beetles
  2 vault guards
  5 hydras
  A centaur warrior (D:13)
  5 two-headed ogres
  A two-headed ogre (shapeshifter) (D:13)
  3 death yaks (Lair:3)
  5 wizards (Volcano)
  A glowing orange brain (shapeshifter) (D:13)
  6 ugly things
  2 slime creatures (D:13)
  3 cyclopes
  A manticore (D:12)
  5 toenail golems (Volcano)
  4 black mambas
  A centaur zombie (D:13)
  5 elephants (Lair:2)
  A gargoyle (D:11)
  3 ice statues (IceCv)
  11 cane toads
  2 centaur skeletons (D:13)
  2 rime drakes
  2 komodo dragons (Lair:2)
  2 ice devils (Lair:3)
  A polar bear (Lair:4)
  The ghost of oc3rt the Sneak, a novice KoEn of Hepliaklqana (D:4)
  A jumping spider (Lair:4)
  A troll (D:9)
  2 hornets
  Prince Ribbit (D:5)
  5 blink frogs (Lair:5)
  4 redbacks (Lair:4)
  A wraith (D:13)
  39 yaks
  2 vampires (D:13)
  2 wyverns
  3 fire elementals (D:13)
  4 basilisks
  6 vampire mosquitoes
  3 swamp worms (Lair:3)
  12 water moccasins
  7 hell hounds
  8 ice beasts
  2 orc warriors
  2 necrophages
  3 phantoms
  2 sky beasts
  An eye of draining (D:13)
  3 ogres
  An eye of draining (shapeshifter) (D:13)
  10 centaurs
  3 big kobolds
  23 bullfrogs
  9 scorpions
  11 killer bees
  3 wights (D:7)
  2 howler monkeys (D:13)
  6 hounds
  4 jellies
  5 orc priests
  A bullfrog zombie (D:6)
  12 orc wizards
  2 bullfrog skeletons
  Jessica (D:2)
  6 iguanas
  Ijyb (D:3)
  Natasha (thrice) (D:2)
  11 worker ants
  3 hound zombies
  A hound skeleton (D:7)
  2 worker ant zombies
  Robin (D:2)
  12 adders
  4 shadow imps
  2 white imps
  An ufetubus (D:7)
  2 oozes
  An adder skeleton (D:4)
  3 adder zombies
  5 worms
  A dart slug (D:1)
  4 leopard geckos
  56 orcs
  2 ball pythons
  4 giant cockroaches
  18 goblins
  10 hobgoblins
  6 jackals (D:4)
  19 kobolds
  5 quokkas
  12 bats
  3 frilled lizards
  A leopard gecko skeleton (D:6)
  A quokka skeleton (D:4)
  A quokka zombie (D:9)
  6 rats
492 creatures vanquished.

Vanquished Creatures (others)
  A dancing weapon (Volcano)
  A centaur skeleton (D:13)
  An orc wizard (D:9)
  A bullfrog skeleton (D:9)
  A hound skeleton (D:9)
  2 orcs (D:9)
  20 fungi
  49 plants
76 creatures vanquished.

Grand Total: 568 creatures vanquished

Notes
Turn   | Place    | Note
-------+----------+-------------------------------------------
     0 | D:1      | Tirrikindir the Octopode Fighter began the quest for the
                  | Orb.
     0 | D:1      | Reached XP level 1. HP: 16/16 MP: 1/1
   128 | D:1      | Reached XP level 2. HP: 21/21 MP: 2/2
   220 | D:1      | Reached skill level 1 in Stealth
   239 | D:1      | Gained mutation: You tend to lose your temper in combat.
                  | [potion of mutation]
   239 | D:1      | Gained mutation: You are weak. (Str -2) [potion of
                  | mutation]
   239 | D:1      | Lost mutation: You tend to lose your temper in combat.
                  | [potion of mutation]
   748 | D:2      | Reached XP level 3. HP: 21/26 MP: 3/3
   939 | D:2      | Noticed Robin
   947 | D:2      | Killed Robin
   948 | D:2      | Reached XP level 4. HP: 24/31 MP: 4/4
   960 | D:2      | Reached skill level 3 in Long Blades
  1342 | D:2      | Noticed Natasha
  1347 | D:2      | Killed Natasha
  1348 | D:2      | Reached XP level 5. HP: 12/36 MP: 5/5
  1884 | D:2      | Noticed Jessica
  1889 | D:2      | Killed Jessica
  2347 | D:2      | Noticed Natasha
  2355 | D:2      | Killed Natasha
  2677 | D:2      | Noticed Natasha
  2682 | D:2      | Killed Natasha
  2683 | D:2      | Reached skill level 1 in Evocations
  2683 | D:2      | Reached XP level 6. HP: 37/43 MP: 6/6
  2758 | D:3      | Reached skill level 4 in Long Blades
  2815 | D:3      | Found a faded altar of an unknown god.
  2976 | D:3      | Noticed Ijyb
  2986 | D:3      | Killed Ijyb
  3807 | D:4      | Found a runed translucent door.
  3814 | D:4      | Noticed oc3rt's ghost (novice KoEn)
  3907 | D:4      | Reached XP level 7. HP: 31/48 MP: 7/7
  4048 | D:4      | Found a runed translucent door.
  4413 | D:4      | Reached skill level 5 in Long Blades
  4508 | D:5      | Entered Level 5 of the Dungeon
  4775 | D:5      | Reached skill level 6 in Long Blades
  4935 | D:5      | Found a staircase to the Ecumenical Temple.
  4944 | Temple   | Entered the Ecumenical Temple
  4978 | Temple   | Became a worshipper of Gozag Ym Sagoz the Greedy
  5097 | D:5      | Reached XP level 8. HP: 27/54 MP: 8/8
  5265 | D:5      | Noticed Prince Ribbit
  5276 | D:5      | Killed Prince Ribbit
  5277 | D:5      | Reached skill level 7 in Long Blades
  5534 | D:6      | Reached skill level 8 in Long Blades
  6486 | D:6      | Found a sacrificial altar of Ru.
  6848 | D:6      | Reached XP level 9. HP: 52/59 MP: 9/9
  7532 | D:7      | Reached skill level 5 in Shields
  7537 | D:7      | Reached skill level 5 in Dodging
  7537 | D:7      | Reached skill level 5 in Stealth
  8811 | D:8      | Found a staircase to the Lair.
  9495 | D:9      | Reached skill level 9 in Long Blades
  9499 | D:9      | Reached skill level 5 in Fighting
  9935 | D:9      | Reached XP level 10. HP: 53/66 MP: 10/10
 10456 | D:9      | Noticed a two-headed ogre
 10463 | D:9      | Killed a two-headed ogre
 10668 | D:10     | Entered Level 10 of the Dungeon
 11148 | D:10     | Found Qyuqic's Antique Armour Shop.
 11161 | D:10     | Noticed a red ugly thing
 11465 | D:10     | Killed a red ugly thing
 11466 | D:10     | Reached skill level 10 in Long Blades
 11466 | D:10     | Reached skill level 5 in Evocations
 11977 | D:8      | Bought the amulet "Qeothab" {rC+ Regen+} for 572 gold
                  | pieces
 12066 | D:11     | Reached XP level 11. HP: 54/72 MP: 11/11
 12230 | D:11     | Found a staircase to the Orcish Mines.
 12292 | D:11     | Noticed a cyclops
 12305 | D:11     | Killed a cyclops
 12382 | D:11     | Noticed a vault guard
 12390 | D:11     | Killed a vault guard
 12468 | D:11     | Found a portal to a secret trove of treasure.
 12655 | D:11     | Noticed a brown ugly thing
 12664 | D:11     | Killed a brown ugly thing
 13000 | D:4      | Killed oc3rt's ghost
 13265 | D:11     | Noticed a two-headed ogre
 13274 | D:11     | Killed a two-headed ogre
 13364 | D:11     | Noticed a green ugly thing
 13378 | D:11     | Killed a green ugly thing
 13608 | D:8      | Bought the ring of Esuumm {rC+ SInv} for 470 gold pieces
 13833 | D:12     | Noticed a two-headed ogre
 13839 | D:12     | Noticed a manticore
 13843 | D:12     | Killed a two-headed ogre
 13851 | D:12     | Killed a manticore
 13937 | D:12     | Noticed a boulder beetle
 13955 | D:12     | Killed a boulder beetle
 14224 | D:12     | Noticed a cyclops
 14235 | D:12     | Killed a cyclops
 14236 | D:12     | Reached skill level 11 in Long Blades
 14236 | D:12     | Reached XP level 12. HP: 80/80 MP: 12/12
 14867 | Lair:1   | Entered Level 1 of the Lair of Beasts
 14888 | Lair:1   | Found a dark tunnel.
 14901 | Volcano  | Entered a volcano
 14995 | Volcano  | Found the +3 Elemental Staff {rElec rF++ rC++ Will++ AC+5}
 15334 | Lair:1   | Noticed a seven-headed hydra
 15352 | Lair:1   | Killed a seven-headed hydra
 15491 | Lair:1   | Noticed a seven-headed hydra
 15509 | Lair:1   | Killed a seven-headed hydra
 15510 | Lair:1   | Reached skill level 10 in Shields
 15819 | Lair:1   | Reached skill level 10 in Dodging
 15819 | Lair:1   | Reached skill level 10 in Stealth
 15819 | Lair:1   | Reached XP level 13. HP: 69/88 MP: 13/13
 16224 | Lair:2   | Found a shimmering altar of Xom.
 16329 | Lair:2   | Reached skill level 12 in Long Blades
 16826 | Lair:2   | Lost mutation: You are weak. (Str -2) [potion of mutation]
 16826 | Lair:2   | Gained mutation: You expend magic power (3 MP) to
                  | strengthen your wands. [potion of mutation]
 16826 | Lair:2   | Gained mutation: Your spells are a little easier to cast,
                  | but a little less powerful. [potion of mutation]
 16826 | Lair:2   | Gained mutation: One of your tentacles bears a spike.
                  | [potion of mutation]
 17003 | D:8      | Bought a scroll of magic mapping for 42 gold pieces
 17163 | Lair:3   | Found a frozen archway.
 17179 | IceCv    | Entered an ice cave
 18061 | Lair:3   | Found a staircase to the Swamp.
 18648 | Lair:4   | Found a hole to the Spider Nest.
 19051 | Lair:4   | Reached XP level 14. HP: 95/95 MP: 14/14
 19803 | Lair:5   | Reached skill level 13 in Long Blades
 20322 | Lair:5   | Found a viscous altar of Jiyva.
 20322 | Lair:5   | Found a staircase to the Slime Pits.
 21470 | D:13     | Noticed Azrael
 21593 | D:13     | Killed Azrael
 21862 | D:13     | Identified a scroll of acquirement
 21863 | D:13     | Acquired the ring "Eprir" {rPois rF+ Int+5}
 22034 | D:13     | Mangled by a seven-headed hydra

Illustrated notes

Levels and vault maps discovered:
D:1:      matt_arrival_los_fun, layout_loops_ring
D:2:      cheibrodos_helix_gallery, layout_loops_corners, uniq_natasha,
          uniq_jessica, uniq_robin
D:3:      layout_loops_ring, chequers_ecumenical_altar_island, uniq_ijyb
D:4:      layout_rooms, ebering_ghost_sewer_f
D:5:      layout_rooms, minmay_temple_entry_poolview, uniq_prince_ribbit1
D:6:      minmay_thinvault, layout_basic, nicolae_ru_the_path_less_chosen,
          minmay_misc_feat_alley
D:7:      layout_cave_pools
D:8:      layout_rooms, lair_entry_dummy
D:9:      layout_roguey, lemuel_flamethrower_1
D:10:     layout_basic, serial_shops, shop
D:11:     layout_roguey, orc_0_dummy, enter_trove_5, grunt_ministairs_10
D:12:     layout_basic, serial_corexii_hall, chequers_hall_statues_y,
          chequers_hall_statues_y
D:13:     layout_cave_pools, david_vaults_5, uniq_azrael
Temple:   compressed_dpeg_triangle_lava_temple
Lair:1:   layout_loops_ring, enter_volcano_3
Lair:2:   layout_hall_layers, basic_altar
Lair:3:   layout_loops_ring, palyth_hydra_swamp_entry,
          portal_ice_cave_demonic_guard, lemuel_fruit_fields
Lair:4:   layout_cave_pods, nicolae_spider_entry_tight_spaces, st_stairs_5
Lair:5:   layout_cave_pods, dpeg_slime_entry_enclosed_altar, grunt_megastairs_1

Skill      XL: |  1  2  3  4  5  6  7  8  9 10 11 12 13 14 |
---------------+-------------------------------------------+-----
Stealth        | 1 2 3 4 6 7 8 10 | 10.0
Long Blades    | 3 4 6 8 9 10 11 12 13 | 13.8
Evocations     | 1 2 4 5 6 7 8 |  8.0
Shields        | 4 6 7 8 10 11 12 | 12.0
Fighting       | 4 5 6 7 8 9 |  9.5
Dodging        | 4 6 7 8 10 11 12 | 12.0

Action                   |  1- 3 |  4- 6 |  7- 9 | 10-12 | 13-15 || total
-------------------------+-------+-------+-------+-------+-------++-------
Melee: Long sword        |    52 |   124 |   197 |       |       ||   373
       Tentacles         |     5 |    29 |    62 |   109 |   173 ||   378
       Constrict         |    11 |    38 |    85 |    54 |   101 ||   289
       Demon blade       |       |       |    84 |   333 |   465 ||   882
       Rapier            |       |       |       |     4 |     2 ||     6
       Kick              |       |       |       |       |   221 ||   221
       Scimitar          |       |       |       |       |     2 ||     2
Throw: Dart              |       |       |     4 |    14 |    22 ||    40
Invok: Call Merchant     |       |       |     1 |       |     2 ||     3
Evoke: Wand              |       |       |       |     5 |     7 ||    12
  Use: Scroll            |     5 |     6 |     9 |     7 |    10 ||    37
       Potion            |     2 |       |     2 |     1 |     4 ||     9
 Stab: Sleeping          |     9 |    17 |    15 |    26 |    19 ||    86
       Distracted        |       |       |     4 |     4 |     1 ||     9
       Paralysed         |       |       |       |     3 |     5 ||     8
Armor: Skin              |     2 |    13 |     7 |     1 |     3 ||    26
Dodge: Dodged            |    16 |    62 |   143 |   148 |   161 ||   530
Block: Kite shield       |    15 |    53 |   102 |   127 |   168 ||   465
       Rpst.: Long sword |     7 |    18 |    27 |       |       ||    52
       Demon blade       |       |       |    18 |    38 |    47 ||   103
